 Dungeon Crawl Stone Soup version 0.31-a0-667-g39726597b9 (webtiles) character file.

Game seed: 4695694331098316400

11 Essalna the Conjurer (level 2, 21/21 HPs)
             Began as a Demonspawn Conjurer on Sept 4, 2023.
             Got out of the dungeon alive.
             The game lasted 00:00:39 (389 turns).

Essalna the Conjurer (Demonspawn Conjurer)           Turns: 389, Time: 00:00:40

Health: 21/21      AC:  2    Str:  7    XL:     2   Next: 13%
Magic:  5/5        EV: 12    Int: 19    God:
Gold:   3          SH:  0    Dex: 11    Spells: 4/5 levels left

rFire   . . .        d - +0 dagger
rCold   . . .        (no shield)
rNeg    . . .        a - +0 robe
rPois   .            (no helmet)
rElec   .            (no cloak)
rCorr   .            (no gloves)
SInv    .            (no boots)
Will    .....        (no amulet)
Stlth   ++           (no ring)
HPRegen 0.23/turn    (no ring)
MPRegen 0.09/turn

%: no passive effects
@: no status effects
A: weakness stinger 1
a: no special abilities


You escaped.
You visited 1 branch of the dungeon, and saw 1 of its levels.

You collected 3 gold pieces.

Inventory:

Hand Weapons
 d - a +0 dagger (weapon)
Armour
 a - a +0 robe (worn)
Scrolls
 c - a scroll of enchant armour {unknown}
 e - a scroll of identify {unknown}
Potions
 b - a potion of magic


   Skills:
 + Level 1.0 Fighting
 - Level 1.7 Dodging
 - Level 1.7 Stealth
 + Level 2.2 Spellcasting
 + Level 4.1 Conjurations


You had 4 spell levels left.
You knew the following spells:

 Your Spells              Type           Power      Damage    Failure   Level
a - Magic Dart            Conj           68%        1d6       3%          1

Your spell library contained the following spells:

 Spells                   Type           Power      Damage    Failure   Level
 Searing Ray              Conj           34%        2d5       4%          2
 Dazzling Flash           Conj/Hex       20%        N/A       22%         3
 Fulminant Prism          Conj/Hex       5%         3d7       56%         4
 Iskenderun's Mystic Bla  Conj/Tloc      10%        2d4       56%         4


Dungeon Overview and Level Annotations

Branches:
Dungeon (1/15)

Altars:


Innate Abilities, Weirdness & Mutations

You have a small tail.


Message History

HP restored.
Things that are here:
a +0 dagger; 2 stones A bat comes into view.
A bat is nearby!
The magic dart hits the bat.
You kill the bat!
You can't see any susceptible monsters within range! (Use Z to cast anyway.)
You can't see any susceptible monsters within range! (Use Z to cast anyway.)
A giant cockroach comes into view.
Found 4 boomerangs and 11 gold pieces.
A giant cockroach is nearby!
The magic dart hits the giant cockroach.
You kill the giant cockroach!
You have reached level 2!
Your demonic ancestry asserts itself...
You grow a small tail.
A dart slug comes into view.
The magic dart hits the dart slug.
The dart slug is heavily wounded.
The magic dart hits the dart slug.
The dart slug is severely wounded.
You miscast Magic Dart.
You are very lightly contaminated with residual magic.
Nothing appears to happen.
You are out of magic!
You are out of magic!
You are out of magic!
The dart slug barely misses you.
You hit the dart slug but do no damage. You tail-slap the dart slug.
You kill the dart slug!
Your Fighting skill increases to level 1!
You see here a dart slug corpse.
Your magical contamination has completely faded away.
Things that are here:
a +0 club; 5 stones You see here a kobold skeleton.
You see here a beast talisman.
There is a staircase leading out of the dungeon here.
You have escaped!

.... #...
#######.############
...................♣
.8...........8..8..♣
...............÷...♣
...............÷...♣♣
.8...........8..8...♣
.......@............♣
.8..........[8..8...♣
...............÷...♣♣
...................♣
.8...........8..8.^♣
...................♣
#######.############
##.# ###..#


There were no monsters in sight!

Vanquished Creatures
  A dart slug (D:1)
  A ball python (D:1)
  A giant cockroach (D:1)
  A quokka (D:1)
  A bat (D:1)
  3 kobolds (D:1)
  A rat (D:1)
9 creatures vanquished.

Notes
Turn   | Place    | Note
-------+----------+-------------------------------------------
     0 | D:1      | Essalna the Demonspawn Conjurer began the quest for the
                  | Orb.
     0 | D:1      | Reached XP level 1. HP: 13/13 MP: 3/3
   304 | D:1      | Gained mutation: You have a small tail. [demonic ancestry]
   304 | D:1      | Reached XP level 2. HP: 20/20 MP: 3/5
   313 | D:1      | Reached skill level 1 in Fighting
   389 | D:$      | Got out of the dungeon alive.

Illustrated notes

Levels and vault maps discovered:
D:1:      giann_forest_graveyard, layout_basic, amethyst_killhole

Skill      XL: |  1  2 |
---------------+-------+-----
Fighting       | 1 |  1.0
Dodging        | |  1.7
Stealth        | |  1.7
Spellcasting   | |  2.2
Conjurations   | |  4.1

Action                     || total
---------------------------++-------
  Melee: Dagger            ||     4
         Tailslap          ||     1
   Cast: Magic Dart        ||    13
 Armour: Robe              ||     2
  Dodge: Dodged            ||     4

Table legend: (Time is in decaauts)
 A = Elapsed time spent in this place.
 B = Non-inter-level travel time spent in this place.
 C = Inter-level travel time spent in this place.
 D = Time resting spent in this place.
 E = Time spent auto-exploring this place.
 F = Levels seen in this place.
 G = Mean time per level.
                   A        B        C        D        E       F      G
               +--------+--------+--------+--------+--------+-----+--------+
         Total |    388 |    318 |     70 |      0 |    252 |   1 |  388.0 |
       Dungeon |    388 |    318 |     70 |      0 |    252 |   1 |  388.0 |
               +--------+--------+--------+--------+--------+-----+--------+

Top non-repeatable levels by time:
     D:1: 388 daAuts
